 Dungeon Crawl Stone Soup version 0.23-a0-448-g1c01f63 (webtiles) character file.

44 Azzok the Sneak (level 3, -4/21 HPs)
             Began as an Octopode Enchanter on Nov 20, 2018.
             Slain by a gnoll (6 damage)
             ... on level 2 of the Dungeon.
             The game lasted 00:01:59 (1306 turns).

Azzok the Sneak (Octopode Enchanter)                Turns: 1306, Time: 00:02:00

Health: -4/21      AC:  1    Str:  7    XL:     3   Next: 60%
Magic:  6/6        EV: 13    Int: 18    God:
Gold:   92         SH:  0    Dex: 12    Spells: 0/6 levels left

rFire    . . .     SeeInvis .   a - +1 dagger
rCold    . . .     Gourm    .   (no shield)
rNeg     . . .     Faith    .   (helmet restricted)
rPois    .         Spirit   .   (no amulet)
rElec    .         Reflect  .   (no ring)
rCorr    .         Harm     .   (no ring)
MR       .....                  (no ring)
Stlth    ++++......             (no ring)
HPRegen  0.07/turn              (no ring)
MPRegen  0.10/turn              (no ring)
                                (no ring)
                                (no ring)

@: no status effects
A: almost no armour, stealthy swim, amphibious, 8 rings, constrict 8, camouflage
1, gelatinous body 1
a: no special abilities


You were on level 2 of the Dungeon.
You were not hungry.

You visited 1 branch of the dungeon, and saw 2 of its levels.

You collected 92 gold pieces.

Inventory:

Hand Weapons
 a - a +1 dagger (weapon)
 o - a +2 dagger of speed
Wands
 n - a wand of digging (6)
Scrolls
 e - a scroll of magic mapping {unknown}
 g - a scroll of immolation {unknown}
 k - 2 scrolls of amnesia {unknown}
 l - 3 scrolls of identify {unknown}
Potions
 d - a potion of berserk rage {unknown}
 f - 2 potions of curing {unknown}
 h - a potion of mutation {unknown}
 i - a potion of flight {unknown}
 j - a potion of heal wounds {unknown}
 m - a potion of ambrosia {unknown}
Comestibles
 b - 3 chunks of flesh
 c - 3 rations


   Skills:
 * Level 2.3 Short Blades
 - Level 2.0 Dodging
 + Level 4.7 Stealth
 - Level 2.0 Spellcasting
 + Level 3.4 Hexes


You couldn't memorise any spells.
You knew the following spells:

 Your Spells              Type           Power        Failure   Level  Hunger
a - Corona                Hex            ##.....      4%          1    #......
b - Ensorcelled Hibernat  Hex/Ice        #.....       14%         2    ###....
c - Confuse               Hex            ##......     13%         3    ###....

Your spell library contained the following spells:

 Spells                   Type           Power        Failure   Level  Hunger
 Tukima's Dance           Hex            ##......     13%         3    ###....
 Dazzling Spray           Conj/Hex       #.....       26%         3    ###....


Dungeon Overview and Level Annotations

Branches:
Dungeon (2/15)

Altars:


Innate Abilities, Weirdness & Mutations

You cannot wear most types of armour.
You are very stealthy in the water. (Stealth+)
You are amphibious.
You can wear up to eight rings at the same time.
You can use your tentacles to constrict eight enemies at once.
Your skin changes colour to match your surroundings (Stealth+).
Your rubbery body absorbs attacks. (AC +1, EV +1)


Message History

You barely miss the gnoll.
The gnoll shouts!
Your grab misses the gnoll. The gnoll barely misses you.
You hit the gnoll but do no damage. You grab the gnoll.
You constrict the gnoll, but do no damage.
The gnoll hits you!
You hit the gnoll.
The gnoll is lightly wounded.
You constrict the gnoll. The gnoll misses you.
You hit the gnoll but do no damage. You squeeze the gnoll.
The gnoll is severely wounded.
You constrict the gnoll. The gnoll barely misses you.
The gnoll hits you from afar with a +0 spear.
You hit the gnoll.
The gnoll is severely wounded.
You constrict the gnoll.
The gnoll hits you from afar with a +0 spear.
* * * LOW HITPOINT WARNING * * *
The gnoll hits you.
You die...

▒▒▒▒▒▒▒▒▒▒
▒·@ggg····
▒·▒▒▒▒▒▒▒▒
···▒▒ ▒·▒ ▒···
▒·▒ ···▒▒
▒▒▒▒▒▒)▒
▒▒▒▒▒···▒▒·▒
······▒·)··▒
▒···▒▒▒▒▒
▒▒▒▒▒▒·······▒


You could see 3 gnolls.

Vanquished Creatures
  2 adders (D:2)
  An ooze (D:1)
  A goblin (D:2)
  3 hobgoblins
  A quokka (D:2)
  6 bats
  A frilled lizard (D:1)
  3 kobolds
  4 rats
22 creatures vanquished.

Notes
Turn   | Place    | Note
-------+----------+-------------------------------------------
     0 | D:1      | Azzok the Octopode Enchanter began the quest for the Orb.
     0 | D:1      | Reached XP level 1. HP: 11/11 MP: 3/3
    86 | D:1      | Reached XP level 2. HP: 17/17 MP: 5/5
   101 | D:1      | Learned a level 2 spell: Ensorcelled Hibernation
   743 | D:2      | Reached XP level 3. HP: 14/21 MP: 1/6
   748 | D:2      | Learned a level 3 spell: Confuse
  1306 | D:2      | Slain by a gnoll

Vault maps used:
D:1:      minmay_arrival_radiant_lines, serial_rivers,
          chequers_serial_rivers_large_a, chequers_serial_rivers_micro_a,
          chequers_serial_rivers_micro_c, chequers_serial_rivers_marsh,
          chequers_serial_rivers_micro_b
D:2:      kennysheep_six_static_rooms, first_ration, grunt_ministairs_9

Skill      XL: |  1  2  3 |
---------------+----------+-----
Short Blades   | 2 |  2.3
Dodging        | |  2.0
Stealth        | |  4.7
Spellcasting   | |  2.0
Hexes          | |  3.4

Action                   || total
-------------------------++-------
Melee: Dagger            ||    49
       Constrict         ||     9
       Tentacles         ||     5
 Cast: Corona            ||     2
       Ensorcelled Hiber ||     6
 Stab: Sleeping          ||    12
  Eat: Chunk             ||     2
Armor: Skin              ||    16
Dodge: Dodged            ||    42

Table legend:
 A = Non-vault XP
 B = Vault XP
 C = Vault XP percentage of total XP
 D = Non-vault monster count
 E = Vault monster count
 F = Vault count percentage of total count
                 A         B        C        D         E       F
            +---------+---------+-------+---------+---------+-------
      Total |      62 |       1 |   1.6 |      21 |       1 |   4.5
            +---------+---------+-------+---------+---------+-------
        D:1 |      17 |       0 |   0.0 |       9 |       0 |   0.0
        D:2 |      45 |       1 |   2.2 |      12 |       1 |   7.7
            +---------+---------+-------+---------+---------+-------
